 Dungeon Crawl Stone Soup version 0.30-a0-43-gbbf338a72c (webtiles) character file.

Game seed: 4602838480866564182

3345 Pereli the Covert (level 9, -2/42 HPs)
             Began as a Spriggan Enchanter on Aug 31, 2022.
             Was a Follower of Dithmenos.
             Killed from afar by an acid dragon (26 damage)
             ... with a splash of acid
             ... on level 8 of the Dungeon.
             The game lasted 00:20:08 (9371 turns).

Pereli the Covert (Spriggan Enchanter)              Turns: 9371, Time: 00:20:11

Health: -2/42      AC:  1    Str:  8    XL:     9   Next: 72%
Magic:  30/32      EV: 19    Int: 16    God:    Dithmenos [*.....]
Gold:   203        SH:  0    Dex: 16    Spells: 16/27 levels left

rFire   . . .      SeeInvis +    a - +2 dagger
rCold   . . .      Faith    .    (no shield)
rNeg    . . .      Spirit   .    b - +1 robe
rPois   .          Reflect  .    (helmet restricted)
rElec   .          Harm     .    q - +1 cloak
rCorr   .          Rampage  .    (gloves unavailable)
Will    +....                    (boots unavailable)
Stlth   ++++++....               (no amulet)
HPRegen 0.14/turn                i - ring of magical power
MPRegen 0.23/turn                (no ring)

@: corroded, wreathed by umbra, very quick
A: very small, no large weapons, unfitting armour, see invisible, speed 3
a: Renounce Religion


You were on level 8 of the Dungeon.
You worshipped Dithmenos.
Dithmenos was aware of your devotion.
You visited 2 branches of the dungeon, and saw 9 of its levels.

You collected 314 gold pieces.
You spent 111 gold pieces at shops.

Inventory:

Hand Weapons
 a - a +2 dagger (weapon)
 p - a +3 rapier of flaming
Armour
 b - a +1 robe (worn)
 q - a +1 cloak (worn)
Jewellery
 i - a ring of magical power (left hand)
Wands
 f - a wand of paralysis (23)
Scrolls
 g - 3 scrolls of amnesia
 n - 2 scrolls of teleportation
 s - a scroll of fear
 u - a scroll of magic mapping
Potions
 c - 3 potions of invisibility
 d - 2 potions of might
 e - a potion of mutation {unknown}
 h - a potion of heal wounds
 j - a potion of lignification {unknown}
 k - a potion of cancellation {unknown}
 l - a potion of brilliance {unknown}
 m - 2 potions of curing
 o - 2 potions of ambrosia {unknown}
 r - a potion of haste
 t - a potion of berserk rage {unknown}


   Skills:
 + Level 2.1 Fighting
 + Level 3.4 Short Blades
 + Level 4.6 Dodging
 + Level 11.4 Stealth
 + Level 9.6 Spellcasting
 + Level 9.9 Hexes


You had 16 spell levels left.
You knew the following spells:

 Your Spells              Type           Power      Damage    Failure   Level
a - Ensorcelled Hibernat  Hex/Ice        46%        N/A       1%          2
b - Tukima's Dance        Hex            39%        N/A       1%          3
c - Dazzling Flash        Conj/Hex       46%        N/A       3%          3
d - Confusing Touch       Hex            39%        N/A       1%          3

Your spell library contained the following spells:

 Spells                   Type           Power      Damage    Failure   Level
 Slow                     Hex            100%       N/A       1%          1
 Poisonous Vapours        Pois/Air       14%        N/A       14%         2
 Sublimation of Blood     Necr           7%         N/A       14%         2
 Ozocubu's Armour         Ice            7%         N/A       28%         3
 Vampiric Draining        Necr           7%         2d6       28%         3
 Metabolic Englaciation   Hex/Ice        11%        N/A       34%         5
 Corpse Rot               Necr/Pois/Air  7%         N/A       67%         4
 Petrify                  Tmut/Erth      7%         N/A       67%         4
 Alistair's Intoxication  Tmut/Pois      4%         N/A       95%         5
 Borgnjor's Vile Clutch   Necr/Erth      3%         N/A       95%         5
 Irradiate                Conj/Tmut      3%         3d12      95%         5
 Eringya's Noxious Bog    Tmut/Pois      3%         N/A       100%        6
 Simulacrum               Ice/Necr       3%         N/A       100%        6


Dungeon Overview and Level Annotations

Branches:
Dungeon (8/15)             Temple (1/1) D:6
   Lair: D:8-11

Altars:
Cheibriados
Dithmenos
Elyvilon
Hepliaklqana
Kikubaaqudgha
Okawaru
Qazlal
Ru
Sif Muna
Trog
Vehumet
Zin
The Shining One

Shops:
D:3 **=


Innate Abilities, Weirdness & Mutations

You are very small and have problems with some larger weapons.
You are too small for most types of armour.
You have supernaturally acute eyesight. (SInv)
You cover ground extremely quickly. (Speed+++)


Message History

You hit the orc but do no damage. You hit the orc.
The orc is severely wounded.
The orc completely misses you.
You hit the orc.
You kill the orc!
Dithmenos accepts your kill.
There is an open door here.
Casting: Ensorcelled Hibernation (safe; 1% risk of failure)
Confirm with . or Enter, or press ? or * to list all spells.
Aiming: Ensorcelled Hibernation (safe; 1% risk of failure)
Press: ? - help, Shift-Dir - straight line, f - orc warrior
Aim: an orc warrior, wielding a +0 dire flail and wearing a +0 chain mail (umbra, chance to affect: 55%)
The orc warrior looks drowsy...
The helpless orc warrior fails to defend itself.
You perforate the orc warrior like a sieve!!!
You kill the orc warrior!
Dithmenos accepts your kill.
Things that are here:
a +0 dire flail; a +0 chain mail; an orc corpse
Items here: )) [ †.
An orc and an acid dragon come into view.
Found a stone staircase leading down.
The acid dragon roars!
An orc comes into view. It is wielding a +0 trident.
The acid dragon spits acid at you. The splash of acid hits you!
The acid corrodes you!
An orc warrior comes into view. It is wielding a +0 battleaxe.
The orc shouts!
You hear a shout!
The orc warrior shouts!
You hear a shout!
The acid dragon closely misses you. The acid dragon claws you.
Casting: Ensorcelled Hibernation (safe; 1% risk of failure)
Confirm with . or Enter, or press ? or * to list all spells.
Aiming: Ensorcelled Hibernation (safe; 1% risk of failure)
Press: ? - help, Shift-Dir - straight line, f - acid dragon
Aim: an acid dragon (umbra, chance to affect: 55%)
The acid dragon resists with significant effort.
The acid dragon spits acid at you. The splash of acid hits you!!
Ouch! That really hurt!
You die...

,,,,,,,,,,,........,*#.# #.#
,**,**+****..o.....,*#.# #.#
,,,,*,,,***,.......,*#.# #.#
,***,,,,,****#...>#**#.# #.####
,,*,,,,,,,** #.o..####.# #.#...
,*,,,,,,,,.###.........#####..)..
,+,,,,,,,,.'.................>...
,*,,,,,,,,,####...###########...#
***,,,,,,,** #.@##* ##..#
**,*,,,,,** #.D..# ##.#
,,***,,,** ####.# #.# *** **+**
*.# #.# **,** *,# #.# *,,,*******
*,* #.# * *,,,,,,,,,* *,* #.# *
**,,,*****,* *,* *,, *
*,,,,,****,****,* ***


You could see an acid dragon (catching breath) and 2 orcs.

Vanquished Creatures
  Pikel (D:5)
  Psyche (D:8)
  2 wyverns (D:7)
  Menkaure (D:5)
  A water moccasin (D:6)
  Duvessa (D:6)
  An orc warrior (D:8)
  A sky beast (D:7)
  3 centaurs
  A bullfrog (D:6)
  A scorpion (D:5)
  3 necrophages
  Dowan (D:6)
  3 killer bees (D:8)
  2 hounds (D:6)
  2 orc priests (D:5)
  Jessica (D:2)
  5 iguanas
  Ijyb (D:5)
  8 orc wizards
  2 adders
  An ufetubus (D:7)
  3 dart slugs
  36 orcs
  3 endoplasms
  A giant cockroach (D:3)
  8 goblins
  6 hobgoblins
  A quokka (D:1)
  4 ball pythons
  3 bats
  A frilled lizard (D:3)
  6 kobolds
  5 rats (D:2)
120 creatures vanquished.

Vanquished Creatures (collateral kills)
  A centaur (D:7)
  A scorpion (D:6)
  6 wights
  Crazy Yiuf (D:5)
  An orc (D:7)
  A kobold (D:3)
11 creatures vanquished.

Vanquished Creatures (others)
  7 dancing weapons
7 creatures vanquished.

Grand Total: 138 creatures vanquished

Notes
Turn   | Place    | Note
-------+----------+-------------------------------------------
     0 | D:1      | Pereli the Spriggan Enchanter began the quest for the Orb.
     0 | D:1      | Reached XP level 1. HP: 9/9 MP: 5/5
   492 | D:1      | Reached XP level 2. HP: 13/13 MP: 7/7
   495 | D:1      | Learned a level 2 spell: Ensorcelled Hibernation
   563 | D:1      | Found a faded altar of an unknown god.
  1794 | D:2      | Reached XP level 3. HP: 16/16 MP: 9/9
  1798 | D:2      | Learned a level 3 spell: Tukima's Dance
  1802 | D:2      | Learned a level 3 spell: Confusing Touch
  2162 | D:2      | Noticed Jessica
  2164 | D:2      | Killed Jessica
  2588 | D:3      | Found Dogusty's Jewellery Shop.
  2630 | D:3      | Reached XP level 4. HP: 21/21 MP: 6/11
  2845 | D:3      | Reached skill level 5 in Hexes
  3244 | D:3      | Found Poud's General Store.
  3252 | D:3      | Found Moklext's Assorted Antiques.
  3262 | D:3      | Bought a potion of heal wounds for 55 gold pieces
  3277 | D:3      | Bought a bubbling yellow potion for 18 gold pieces
  3277 | D:3      | Bought a scroll labelled LOPRI OSA BYAL for 20 gold pieces
  3277 | D:3      | Bought a red potion for 18 gold pieces
  3975 | D:4      | Reached XP level 5. HP: 22/24 MP: 13/13
  4050 | D:4      | Reached skill level 5 in Spellcasting
  4172 | D:4      | Found a glowing silver altar of Zin.
  4449 | D:4      | Learned a level 3 spell: Dazzling Flash
  4474 | D:5      | Entered Level 5 of the Dungeon
  4486 | D:5      | Noticed Pikel
  4486 | D:5      | Noticed a lemure
  4488 | D:5      | Noticed a lemure
  4489 | D:5      | Noticed a lemure
  4492 | D:5      | Noticed a lemure
  4515 | D:5      | HP: 1/24 [Pikel (6)]
  4519 | D:5      | Killed Pikel
  4520 | D:5      | Reached skill level 7 in Stealth
  4520 | D:5      | Reached XP level 6. HP: 28/28 MP: 11/16
  4520 | D:5      | Reached XP level 7. HP: 32/32 MP: 11/17
  5002 | D:5      | Noticed Menkaure
  5034 | D:5      | Killed Menkaure
  5035 | D:5      | Reached skill level 8 in Stealth
  5186 | D:5      | Reached XP level 8. HP: 36/36 MP: 20/20
  5492 | D:5      | Found a glowing golden altar of the Shining One.
  5501 | D:5      | Found an ancient bone altar of Kikubaaqudgha.
  5538 | D:5      | Noticed Ijyb
  5571 | D:5      | Killed Ijyb
  5720 | D:5      | Found a runed translucent door.
  5723 | D:5      | Noticed Crazy Yiuf
  5727 | D:5      | Killed Crazy Yiuf
  5976 | D:6      | Found a staircase to the Ecumenical Temple.
  5986 | Temple   | Entered the Ecumenical Temple
  5995 | Temple   | Became a worshipper of Dithmenos the Shadowed
  6015 | D:6      | Reached skill level 9 in Stealth
  6249 | D:6      | Noticed Duvessa
  6249 | D:6      | Noticed Dowan
  6252 | D:6      | Killed Duvessa
  6263 | D:6      | Killed Dowan
  6368 | D:6      | Reached skill level 10 in Stealth
  7147 | D:6      | Reached XP level 9. HP: 34/39 MP: 22/22
  7842 | D:7      | Reached * piety under Dithmenos
  8171 | D:7      | Reached skill level 1 in Fighting
  8198 | D:7      | Identified the +3 ring mail "Maduiz" {rPois Int+4}
  8353 | D:7      | Reached skill level 11 in Stealth
  9024 | D:8      | Noticed Psyche
  9038 | D:8      | Killed Psyche
  9371 | D:8      | Killed from afar by an acid dragon

Illustrated notes

Levels and vault maps discovered:
D:1:      minmay_arrival_loop, layout_basic, nicolae_ecumenical_lake_church,
          minmay_misc_feat_diagonals, hex_medium, minmay_hedge_maze
D:2:      minmay_alternating_diamond, layout_basic, minmay_indecisive_spiral,
          uniq_jessica
D:3:      layout_loops_ring, serial_shops,
          nicolae_shop_competitors_out_of_business, shop,
          nicolae_shop_waterfront
D:4:      layout_rooms, zin_treasury
D:5:      layout_loops_ring, mainiacjoe_overflow_swirl, uniq_crazy_yiuf_cottage,
          uniq_ijyb, uniq_pikel, uniq_menkaure
D:6:      layout_loops_ring, minmay_temple_entry_sparse_star, uniq_duvessa
D:7:      layout_basic, bh_walls_and_bars
D:8:      layout_loops_corners, uniq_psyche
Temple:   compressed_dpeg_triangle_lava_temple

Skill      XL: |  1  2  3  4  5  6  7  8  9 |
---------------+----------------------------+-----
Spellcasting   | 3 4 6 7 8 9 |  9.6
Hexes          | 4 5 6 7 9 |  9.9
Stealth        | 7 8 10 11 | 11.4
Dodging        | 4 |  4.6
Fighting       | 2 |  2.1
Short Blades   | 3 |  3.4

Action                   |  1- 3 |  4- 6 |  7- 9 || total
-------------------------+-------+-------+-------++-------
Melee: Dagger            |    84 |   130 |   212 ||   426
       Punch             |     1 |       |     3 ||     4
 Cast: Ensorcelled Hiber |     5 |    16 |    64 ||    85
       Tukima's Dance    |       |     2 |    25 ||    27
       Confusing Touch   |       |     1 |     9 ||    10
Evoke: Wand              |       |       |     5 ||     5
  Use: Scroll            |     5 |     6 |     5 ||    16
       Potion            |       |     2 |     2 ||     4
 Stab: Sleeping          |    12 |    20 |    39 ||    71
       Distracted        |       |     1 |     1 ||     2
       Confused          |       |     2 |     9 ||    11
Armor: Robe              |     7 |    14 |    46 ||    67
Dodge: Dodged            |    43 |    74 |   208 ||   325

Table legend: (Time is in decaauts)
 A = Elapsed time spent in this place.
 B = Non-inter-level travel time spent in this place.
 C = Inter-level travel time spent in this place.
 D = Time resting spent in this place.
 E = Time spent auto-exploring this place.
 F = Levels seen in this place.
 G = Mean time per level.
                   A        B        C        D        E       F      G
               +--------+--------+--------+--------+--------+-----+--------+
         Total |   7047 |   6814 |    233 |    378 |   5314 |   9 |  783.0 |
       Dungeon |   7035 |   6807 |    228 |    378 |   5314 |   8 |  879.4 |
        Temple |     11 |      6 |      5 |      0 |      0 |   1 |   11.0 |
               +--------+--------+--------+--------+--------+-----+--------+

Top non-repeatable levels by time:
     D:2: 1232 daAuts
     D:6: 1187 daAuts
     D:5: 1127 daAuts
     D:7: 1074 daAuts
     D:3: 854 daAuts
     D:1: 696 daAuts
     D:4: 504 daAuts
     D:8: 358 daAuts
  Temple: 11 daAuts
